 Dungeon Crawl Stone Soup version 0.28-a0-1629-gf728b707aa (webtiles) character file.

Game seed: 5150466005111565450

130632 hashsling the Spry (level 17, 0/144 HPs)
             Began as a Merfolk Gladiator on Jan 24, 2022.
             Was an Initiate of Gozag.
             Killed themself with a badly aimed burst of rock shards (11 damage)
             ... on level 4 of the Swamp on Jan 25, 2022.
             The game lasted 02:39:56 (35627 turns).

hashsling the Spry (Merfolk Gladiator)             Turns: 35627, Time: 02:39:56

Health: 0/144      AC: 24    Str: 19    XL:     17   Next: 8%
Magic:  21/33      EV: 26    Int: 14    God:    Gozag
Gold:   1724       SH: 18    Dex: 21    Spells: 8/26 levels left

rFire   . . .      SeeInvis .   P - +9 spear (venom)
rCold   . . .      Faith    .   M - +5 kite shield
rNeg    + + .      Spirit   .   j - +7 ring mail of Agoraphobia {Will+ Slay+3}
rPois   +          Reflect  .   d - +2 helmet
rElec   .          Harm     .   L - +2 cloak {rPois}
rCorr   .          Rampage  .   T - +2 pair of gloves of the Sturgeon {rN++ Int+3 Stlth+}
Will    ++...                   (boots currently unavailable)
Stlth   +++.......              n - amulet of the acrobat
HPRegen 0.34/turn               p - ring of magical power
MPRegen 0.23/turn               q - ring of Asceticism {*Slow Str+6 Slay+4}

@: freezing walls, constricted, very quick
A: nimble swimmer 2, mertail, iridescent scales 1, agile 1, weak 1
a: Renounce Religion, Potion Petition, Call Merchant, Bribe Branch


You were on level 4 of the Swamp.
You worshipped Gozag.
Gozag was most pleased with you.
You visited 5 branches of the dungeon, and saw 28 of its levels.
You also visited: Sewer and Bailey.

You collected 8803 gold pieces.
You spent 2502 gold pieces at shops.
You paid 4577 gold pieces to Gozag.

Inventory:

Hand Weapons
 P - a +9 spear of venom (weapon)
Armour
 d - a +2 helmet (worn)
 j - the +7 ring mail of Agoraphobia (worn) {Will+ Slay+3}
   (You found it on level 4 of the Lair of Beasts)

   Slay:      It affects your accuracy & damage with ranged weapons and melee
   (+3).
   Will:      It increases your willpower.
 L - a +2 cloak of poison resistance (worn)
 M - a +5 kite shield (worn)
 T - the +2 pair of gloves of the Sturgeon (worn) {rN++ Int+3 Stlth+}
   (You bought it in a shop on level 10 of the Dungeon)

   Int:       It affects your intelligence (+3).
   rN:        It greatly protects you from negative energy.
   Stlth:     It makes you more stealthy.
 Y - a +0 pair of boots (melded)
Magical Staves
 s - a staff of cold
 z - a staff of poison
Jewellery
 a - a ring of ice
 e - a ring of see invisible
 n - an amulet of the acrobat (around neck)
 p - a ring of magical power (left hand)
 q - the ring of Asceticism (right hand) {*Slow Str+6 Slay+4}
   (You found it on level 3 of the Dungeon)

   [ring of slaying]

   Str:       It affects your strength (+6).
   Slay:      It affects your accuracy & damage with ranged weapons and melee
   (+4).
   *Slow:     It may slow you when you take damage.
 I - a ring of protection from fire
 S - a ring of resist corrosion
 X - a ring of willpower
Wands
 E - a wand of acid (5)
 K - a wand of flame (17)
 N - a wand of mindburst (7)
 O - a wand of iceblast (2)
Scrolls
 c - 3 scrolls of amnesia
 f - a scroll of brand weapon
 l - 4 scrolls of teleportation
 r - a scroll of holy word
 u - 2 scrolls of blinking
 y - 6 scrolls of fear
 B - a scroll of noise {unknown}
 C - 5 scrolls of magic mapping
 G - 2 scrolls of fog
 H - a scroll of torment {unknown}
 J - 3 scrolls of enchant weapon
 Q - 3 scrolls of enchant armour
 U - 2 scrolls of silence
 Z - 2 scrolls of identify
Potions
 b - 4 potions of haste
 h - 2 potions of invisibility
 i - 2 potions of brilliance
 k - 2 potions of flight
 m - 5 potions of mutation
 o - 5 potions of lignification
 t - 2 potions of resistance
 v - 3 potions of magic
 w - 3 potions of cancellation
 x - 3 potions of berserk rage
 A - a potion of might
Miscellaneous
 D - a phial of floods
 R - a tin of tremorstones (2/2)
 W - a phantom mirror (inert)


   Skills:
 + Level 15.8 Fighting
 - Level 12.0 Polearms
 - Level 2.0 Throwing
 - Level 4.0 Armour
 + Level 19.0 Dodging
 - Level 10.0 Shields
 - Level 5.0 Spellcasting
 + Level 8.3 Transmutations
 - Level 12.0 Ice Magic
 + Level 12.4 Poison Magic
 + Level 4.8 Evocations


You had 8 spell levels left.
You knew the following spells:

 Your Spells              Type           Power      Damage    Failure   Level
a - Freeze                Ice            100%       1d11      1%          1
b - Frozen Ramparts       Ice            74%        1d9       1%          3
c - Olgreb's Toxic Radia  Pois           38%        N/A       4%          4
d - Poisonous Vapours     Pois/Air       40%        N/A       8%          2
e - Ignite Poison         Fire/Tmut/Pois 22%        N/A       12%         3
f - Alistair's Intoxicat  Tmut/Pois      21%        N/A       26%         5

Your spell library contained the following spells:

 Spells                   Type           Power      Damage    Failure   Level
 Ozocubu's Armour         Ice            37%        N/A       1%          3
 Passwall                 Tmut/Erth      12%        N/A       19%         2
 Hailstorm                Conj/Ice       20%        3d6       50%         4
 Foxfire                  Conj/Fire      12%        2x1d4     54%         1
 Sandblast                Erth           6%         2d5       54%         1
 Eringya's Noxious Bog    Tmut/Pois      16%        N/A       82%         6
 Metabolic Englaciation   Hex/Ice        10%        N/A       83%         5
 Conjure Flame            Conj/Fire      3%         6-21      89%         3
 Inner Flame              Hex/Fire       3%         N/A       89%         3
 Stone Arrow              Conj/Erth      6%         3d7       89%         3
 Freezing Cloud           Conj/Ice/Air   7%         6-21      98%         5
 Flame Wave               Conj/Fire      3%         2d4       100%        4
 Iskenderun's Battlesphe  Conj           3%         2d6       100%        5
 Summon Forest            Summ/Tloc      1%         N/A       100%        5
 Simulacrum               Ice/Necr       10%        N/A       100%        6
 Polar Vortex             Ice            18%        N/A       100%        9


Dungeon Overview and Level Annotations

Branches:
Dungeon (15/15)            Temple (1/1) D:4            Lair (6/6) D:10
  Swamp (4/4) Lair:4        Snake (0/4) Lair:4        Slime (0/5) Lair:6
    Orc (2/2) D:9             Elf (0/3) Orc:2        Vaults (0/5) D:13
 Depths (0/4) D:15          Sewer (visited)          Bailey (visited)

Altars:
Ashenzari
Cheibriados
Dithmenos
Elyvilon
Fedhas
Gozag
Hepliaklqana
Kikubaaqudgha
Makhleb
Nemelex Xobeh
Okawaru
Qazlal
Ru
Sif Muna
Trog
Uskayaw
Vehumet
Wu Jian
Xom
Yredelemnul
Zin
The Shining One
Beogh

Shops:
D:3 *   D:6 :   D:9 *   D:10 *[   D:11 *   D:12 *   D:15 *   Orc:2 ?[[(

Annotations:
D:5 1 runed translucent door, Crazy Yiuf
D:11 2 transporters, 3t5h's ghost, journeyman VSFi


Innate Abilities, Weirdness & Mutations

You are very nimble when in or above water. (Stealth+, EV+, Speed+++)
Your lower body shifts to a powerful aquatic tail in water.
You are partially covered in iridescent scales. (AC +2)
You are agile. (Dex +2)
You are weak. (Str -2)


Message History

The tentacled monstrosity constricts you!
* * * LOW HITPOINT WARNING * * *
Casting: Frozen Ramparts (safe; 1% risk of failure)
Confirm with . or Enter, or press ? or * to list all spells.
You can't see any susceptible monsters within range! (Use Z to cast anyway.) Unknown command.
Casting: Frozen Ramparts (safe; 1% risk of failure)
Confirm with . or Enter, or press ? or * to list all spells.
You begin to radiate toxic energy.
The tentacled monstrosity resists.
The wall freezes the tentacled monstrosity.
You block the tentacled monstrosity's attack.
The tentacled monstrosity misses you.
The tentacled monstrosity tentacle-slaps you.
* * * LOW HITPOINT WARNING * * *
The tentacled monstrosity constricts you.
Casting: Olgreb's Toxic Radiance (mildly dangerous; 4% risk of failure)
Confirm with . or Enter, or press ? or * to list all spells.
You ignite the poison in your surroundings!
The tentacled monstrosity seems to burn from within!!
The tentacled monstrosity is severely wounded.
Your toxic aura wanes.
The tentacled monstrosity resists.
The wall freezes the tentacled monstrosity.
The tentacled monstrosity tentacle-slaps you.
* * * LOW HITPOINT WARNING * * *
The tentacled monstrosity barely misses you.
The tentacled monstrosity tentacle-slaps you but does no damage.
The tentacled monstrosity constricts you!
* * * LOW HITPOINT WARNING * * *
Reach: P) +9 spear (venom)
Press: ? - help, Dir - move target, f/p - tentacled monstrosity
Aim: a tentacled monstrosity (severely wounded, constricting you, about 11% to evade your +9 spear of venom)
You completely miss the tentacled monstrosity.
The tentacled monstrosity is severely wounded.
Unknown command.
The tremorstone explodes into fragments!
The burst of rock shards engulfs the tentacled monstrosity!
The burst of rock shards engulfs you!
You die...
Your body crumbles into a pile of gold.

...≈≈.......≈≈..
..≈≈....≈≈...≈.≈.
##...♣♣.....≈....^
###. ♣♣...≈..≈≈≈≈
.♣♣♣≈.≈.§.....≈
.♣♣♣≈.§)≈...≈...
♣♣♣.≈$$...≈≈.≈.$
♣≈#..≈.≈≈.≈≈.≈≈.
♣≈@..≈#..§≈≈..≈≈
♣≈X#≈≈≈.........
♣♣≈≈≈..≈......≈.
♣≈≈.≈.≈..≈≈≈.≈≈
≈§≈≈≈≈.....≈..≈..
#≈≈≈#....≈...§.≈.
♣≈≈≈≈≈≈≈.(.≈≈..≈≈
♣♣≈≈≈..≈≈..≈.....
♣♣♣♣♣♣.≈.≈♣.♣♣≈


You could see a tentacled monstrosity.

Vanquished Creatures
  Mlioglotl (Swamp:2)
  2 thorn hunters
  The ghost of Qunad the Imperceptible, an adept SpEn of Vehumet (Swamp:4)
  3 ghouls (Swamp:1)
  4 eleionomae
  Nessos (D:14)
  3 bunyips
  Snorg (D:13)
  A yaktaur captain (D:15)
  2 shambling mangroves (Swamp:4)
  2 vault guards (D:13)
  3 boulder beetles
  16 hydras
  A catoblepas (Lair:6)
  6 centaur warriors
  The ghost of snackwell the Fighter, a novice DsAK of Lugonu (D:9)
  6 two-headed ogres
  3 death yaks (Lair:6)
  2 tengu warriors
  A deep troll shaman (Lair:6)
  4 alligators
  2 skeletal warriors (D:15)
  A fire crab (Lair:5)
  4 spriggan druids
  3 goliath frogs (Swamp:1)
  6 swamp dragons
  5 lindwurms
  2 bog bodies (Swamp:3)
  A necromancer (D:15)
  A wizard (D:13)
  A phantasmal warrior (D:15)
  6 orc knights
  2 deep elf pyromancers
  A tengu skeleton (D:15)
  An iron dragon zombie (D:15)
  12 orc sorcerers
  9 ugly things
  A faun (Lair:4)
  A shadow dragon skeleton (D:15)
  4 cyclopes
  5 will-o-the-wisps
  6 elephants
  15 cane toads
  A torpor snail (Lair:5)
  9 black mambas
  A rime drake (shapeshifter) (D:15)
  2 rime drakes
  4 yaktaurs
  An efreet (D:14)
  2 tengu conjurers
  11 komodo dragons
  A spriggan zombie (D:15)
  A yaktaur (shapeshifter) (D:13)
  5 polar bears
  3 meliai (D:12)
  3 trolls
  7 tyrant leeches
  13 hornets
  11 blink frogs (Lair:2)
  A dream sheep (shapeshifter) (D:13)
  11 dream sheep (Lair:6)
  3 slime creatures (D:12)
  2 vampires (D:11)
  A shadow (D:12)
  2 centaur simulacra
  12 spriggans
  5 wyverns
  A wraith (D:13)
  20 humans (D:13)
  39 yaks
  9 basilisks
  4 steam dragons
  5 vampire mosquitoes
  14 wargs
  8 swamp worms
  Menkaure (D:7)
  2 nagas (Lair:4)
  Duvessa (D:5)
  10 water moccasins
  23 orc warriors
  2 swamp drakes
  4 sky beasts
  3 black bears
  3 ice beasts
  46 wolves
  5 necrophages
  4 ogres
  A hornet zombie (D:3)
  The ghost of sirJeffrey23 the Insei, an amateur MfTm (D:3)
  A phantom (D:4)
  9 centaurs
  Blork the orc (D:6)
  4 kobold brigands
  19 bullfrogs
  3 gnoll sergeants
  6 scorpions
  A water moccasin zombie (D:5)
  2 wyvern zombies
  Dowan (D:5)
  12 killer bees
  A howler monkey (D:12)
  6 electric eels
  A bullfrog zombie (D:3)
  5 centaur zombies
  9 orc priests
  7 jellies
  4 centaur skeletons
  7 hounds
  A bullfrog skeleton (D:5)
  Jessica (D:3)
  36 orc wizards
  7 hell rats
  A hound skeleton (D:4)
  7 adders
  10 gnolls
  3 river rats (Sewer)
  5 white imps
  An adder skeleton (D:4)
  3 dart slugs
  2 worms (Sewer)
  79 orcs
  5 endoplasms
  2 giant cockroaches
  2 hobgoblins
  2 jackals (D:5)
  3 quokkas
  10 ball pythons
  4 bats
  A frilled lizard (D:2)
  8 goblins
  15 kobolds
  7 rats
  A bush (D:1)
786 creatures vanquished.

Vanquished Creatures (others)
  A bloated husk (Swamp:1)
  A dream sheep (Lair:6)
  An orc wizard (Orc:2)
  A gnoll (D:13)
  14 foxfires
  54 fungi
  57 plants
  11 withered plants (D:15)
140 creatures vanquished.

Grand Total: 926 creatures vanquished

Notes
Turn   | Place    | Note
-------+----------+-------------------------------------------
     0 | D:1      | hashsling the Merfolk Gladiator began the quest for the
                  | Orb.
     0 | D:1      | Reached XP level 1. HP: 16/16 MP: 1/1
   159 | D:1      | You fall into a shaft and drop 1 floor!
   500 | D:2      | Reached XP level 2. HP: 22/23 MP: 2/2
  1266 | D:1      | Reached skill level 5 in Polearms
  1266 | D:1      | Reached XP level 3. HP: 28/28 MP: 3/3
  2038 | D:3      | Identified the ring of Asceticism {*Slow Str+6 Slay+4}
  2215 | D:3      | Found a glowing drain.
  2295 | D:3      | Found Fublonid's Assorted Antiques.
  2328 | Sewer    | Entered a sewer
  2378 | Sewer    | Noticed a kobold brigand
  2402 | Sewer    | Killed a kobold brigand
  2403 | Sewer    | Reached skill level 5 in Dodging
  2403 | Sewer    | Reached XP level 4. HP: 33/37 MP: 4/4
  2403 | Sewer    | Reached XP level 5. HP: 38/42 MP: 5/5
  2540 | Sewer    | Noticed a kobold brigand
  2549 | Sewer    | Killed a kobold brigand
  2578 | Sewer    | Reached XP level 6. HP: 48/48 MP: 6/6
  2661 | Sewer    | Reached skill level 6 in Dodging
  2824 | D:3      | Found a faded altar of an unknown god.
  2868 | D:3      | Noticed Jessica
  2872 | D:3      | Killed Jessica
  3006 | D:3      | Found a runed translucent gate.
  3007 | D:3      | Found a runed translucent gate.
  3007 | D:3      | Found a runed translucent gate.
  3009 | D:3      | Noticed sirJeffrey23's ghost (amateur MfTm)
  3437 | D:3      | Bought a thick robe for 142 gold pieces
  3437 | D:3      | Identified the +2 robe of Hopscotch {Str+2} (You bought it
                  | in a shop on level 3 of the Dungeon)
  3658 | D:4      | Reached XP level 7. HP: 49/55 MP: 7/7
  3820 | D:4      | Reached skill level 5 in Fighting
  3947 | D:4      | Found a glowing golden altar of the Shining One.
  4157 | D:4      | Found a shadowy altar of Dithmenos.
  4158 | D:4      | Found a hide-covered altar of Uskayaw.
  4159 | D:4      | Found a sparkling altar of Nemelex Xobeh.
  4254 | D:4      | Found a staircase to the Ecumenical Temple.
  4263 | Temple   | Entered the Ecumenical Temple
  4324 | D:4      | Reached skill level 7 in Dodging
  4476 | Temple   | Became a worshipper of Gozag Ym Sagoz the Greedy
  4618 | D:5      | Entered Level 5 of the Dungeon
  5141 | D:5      | Reached XP level 8. HP: 64/64 MP: 8/8
  5147 | D:5      | Found a runed translucent door.
  5147 | D:5      | Noticed Duvessa
  5147 | D:5      | Noticed Dowan
  5160 | D:5      | Killed Dowan
  5164 | D:5      | Gained mutation: You are frail. (-10% HP) [potion of
                  | mutation]
  5164 | D:5      | Gained mutation: You expend magic power (3 MP) to
                  | strengthen your wands. [potion of mutation]
  5174 | D:5      | Killed Duvessa
  5175 | D:5      | Reached skill level 8 in Dodging
  5814 | D:5      | Found a radiant altar of Vehumet.
  5967 | D:5      | Found a runed translucent door.
  5968 | D:5      | Noticed Crazy Yiuf
  6155 | D:3      | Bought a glowing cloak for 187 gold pieces
  6220 | D:3      | Killed sirJeffrey23's ghost
  6221 | D:3      | Reached skill level 9 in Dodging
  6533 | D:5      | Reached skill level 10 in Polearms
  6616 | D:6      | Reached XP level 9. HP: 64/64 MP: 9/9
  6698 | D:6      | Found a blossoming altar of Fedhas.
  6796 | D:6      | Found Lorewif's Book Emporium.
  6930 | D:6      | Reached skill level 10 in Dodging
  6981 | D:6      | Learned a level 1 spell: Freeze
  6985 | D:6      | Learned a level 3 spell: Frozen Ramparts
  7066 | D:6      | Noticed Blork the orc
  7076 | D:6      | Killed Blork the orc
  7209 | D:6      | Reached skill level 1 in Ice Magic
  7870 | D:7      | Noticed Menkaure
  7873 | D:7      | Identified the +5 long sword "Weante" {venom, rPois}
  7878 | D:7      | Killed Menkaure
  7991 | D:7      | Noticed a cyclops
  8021 | D:7      | HP: 3/67 [centaur (3)]
  8092 | D:7      | Reached XP level 10. HP: 39/73 MP: 6/10
  8573 | D:7      | Killed a cyclops
  8574 | D:7      | Reached skill level 11 in Dodging
  8574 | D:7      | Reached skill level 5 in Ice Magic
  8694 | D:8      | Found a basalt altar of Yredelemnul.
  8697 | D:8      | Found a stormy altar of Qazlal.
  9108 | D:8      | Found a flagged portal.
  9121 | Bailey   | Entered a bailey
  9235 | Bailey   | Found a large runed translucent door.
  9235 | Bailey   | Found a large runed translucent door.
  9235 | Bailey   | Noticed an orc knight
  9236 | Bailey   | Noticed a deep elf pyromancer
  9258 | Bailey   | Killed an orc knight
  9553 | Bailey   | Killed a deep elf pyromancer
  9684 | D:8      | Identified the +3 ring mail "Qeanen" {rCorr Int+2 Stlth+}
  9826 | D:8      | Reached skill level 12 in Dodging
 10164 | D:8      | Reached XP level 11. HP: 77/81 MP: 11/11
 10598 | D:9      | Found a runed translucent door.
 10598 | D:9      | Noticed snackwell's ghost (novice DsAK)
 10703 | D:9      | Reached skill level 1 in Armour
 10708 | D:9      | Found an ornate altar of the Wu Jian Council.
 10771 | D:9      | Reached skill level 10 in Fighting
 10874 | D:9      | Found a sacrificial altar of Ru.
 11103 | D:9      | Found a staircase to the Orcish Mines.
 11297 | D:10     | Entered Level 10 of the Dungeon
 11779 | D:10     | Found a staircase to the Lair.
 12359 | D:11     | Noticed a two-headed ogre
 12366 | D:11     | Killed a two-headed ogre
 12531 | D:11     | Found Omifacw's Serpentskin Sales.
 12546 | D:11     | Bought the Volume of Intoxication for 532 gold pieces
 12551 | D:11     | Learned a level 4 spell: Olgreb's Toxic Radiance
 12595 | D:11     | Reached skill level 1 in Poison Magic
 12777 | D:11     | Noticed 3t5h's ghost (journeyman VSFi)
 12787 | D:11     | Found a transporter.
 13012 | D:11     | Found a transporter.
 13298 | D:11     | Noticed a two-headed ogre
 13308 | D:11     | Killed a two-headed ogre
 13309 | D:11     | Reached skill level 13 in Dodging
 13526 | D:12     | Found a flickering gateway to a bazaar.
 13531 | D:12     | Noticed a two-headed ogre
 13532 | D:12     | Noticed a two-headed ogre
 13911 | D:12     | Killed a two-headed ogre
 13912 | D:12     | Reached XP level 12. HP: 89/89 MP: 12/12
 14280 | D:12     | Learned a level 2 spell: Poisonous Vapours
 14297 | D:12     | Reached skill level 5 in Poison Magic
 14564 | D:12     | Noticed a boulder beetle
 14567 | D:12     | Noticed a four-headed hydra
 14571 | D:12     | Noticed a boulder beetle
 14586 | D:12     | Killed a four-headed hydra
 14832 | D:12     | Killed a boulder beetle
 14999 | D:12     | Killed a boulder beetle
 15525 | D:12     | Bought a purple potion for 27 gold pieces
 15525 | D:12     | Bought a scroll labelled UNIEWA QUAXINI for 30 gold pieces
 15535 | D:12     | Lost mutation: You are frail. (-10% HP) [potion of
                  | mutation]
 15535 | D:12     | Lost mutation: You expend magic power (3 MP) to strengthen
                  | your wands. [potion of mutation]
 15535 | D:12     | Gained mutation: You possess an exceptional clarity of
                  | mind. [potion of mutation]
 15535 | D:12     | Lost mutation: You possess an exceptional clarity of mind.
                  | [potion of mutation]
 15535 | D:12     | Gained mutation: You are weak. (Str -2) [potion of
                  | mutation]
 15535 | D:12     | Gained mutation: You are partially covered in iridescent
                  | scales. (AC +2) [potion of mutation]
 15536 | D:12     | Lost mutation: You are weak. (Str -2) [potion of mutation]
 15536 | D:12     | Lost mutation: You are partially covered in iridescent
                  | scales. (AC +2) [potion of mutation]
 15536 | D:12     | Gained mutation: You are weak. (Str -2) [potion of
                  | mutation]
 15536 | D:12     | Gained mutation: You are agile. (Dex +2) [potion of
                  | mutation]
 15536 | D:12     | Gained mutation: You are partially covered in iridescent
                  | scales. (AC +2) [potion of mutation]
 15671 | D:13     | Noticed a centaur warrior
 15851 | D:13     | Noticed Snorg
 15852 | D:13     | Killed a centaur warrior
 15867 | D:13     | Killed Snorg
 15868 | D:13     | Reached skill level 14 in Dodging
 15901 | D:13     | Noticed a five-headed hydra
 15911 | D:13     | Killed a five-headed hydra
 16201 | D:13     | Noticed a boulder beetle
 16223 | D:13     | Killed a boulder beetle
 16224 | D:13     | Reached XP level 13. HP: 57/108 MP: 12/13
 16544 | D:13     | Noticed a vault guard
 16576 | D:13     | Killed a vault guard
 16710 | D:13     | Reached skill level 15 in Dodging
 17658 | D:13     | Reached skill level 10 in Poison Magic
 17660 | D:13     | Noticed a vault guard
 17671 | D:13     | Killed a vault guard
 17737 | D:13     | Found a gate to the Vaults.
 18109 | D:14     | Reached skill level 10 in Ice Magic
 18386 | D:14     | Reached skill level 16 in Dodging
 18666 | D:14     | Reached skill level 1 in Shields
 18922 | D:14     | Noticed Nessos
 18948 | D:14     | Killed Nessos
 19540 | D:14     | Found a white marble altar of Elyvilon.
 19643 | D:15     | Entered Level 15 of the Dungeon
 19938 | D:15     | Reached XP level 14. HP: 101/119 MP: 8/14
 20146 | D:15     | Reached skill level 5 in Shields
 20235 | D:15     | Found a staircase to the Depths.
 20260 | D:15     | Reached skill level 1 in Spellcasting
 20686 | D:15     | HP: 6/120 [tengu reaver skeleton (3)]
 20694 | D:15     | HP: 2/120 [tengu reaver skeleton (5)]
 21130 | D:15     | Learned a level 3 spell: Ignite Poison
 21265 | D:15     | Identified the +1 whip "Toedwen" {vorpal, rElec Str+3}
 21537 | Lair:1   | Entered Level 1 of the Lair of Beasts
 21721 | Lair:1   | Reached skill level 1 in Transmutations
 21844 | D:10     | Bought a pair of heavily runed gloves for 304 gold pieces
 21844 | D:10     | Identified the +2 pair of gloves of the Sturgeon {rN++
                  | Int+3 Stlth+} (You bought it in a shop on level 10 of the
                  | Dungeon)
 21844 | D:10     | Bought a transparent chain mail for 304 gold pieces
 21844 | D:10     | Identified the +0 chain mail of Gravity {rN+ Str+3 Int+4
                  | Dex-3} (You bought it in a shop on level 10 of the Dungeon)
 23283 | Lair:2   | Reached skill level 5 in Transmutations
 23330 | Lair:2   | Identified the +7 hunting sling of Zufotruiwn {freeze, rF+
                  | Will- SInv}
 24645 | Lair:4   | Found a staircase to the Snake Pit.
 24780 | Lair:4   | Reached XP level 15. HP: 127/127 MP: 10/19
 25300 | Lair:4   | Identified the +7 ring mail of Agoraphobia {Will+ Slay+3}
 25341 | Lair:4   | Found a staircase to the Swamp.
 25910 | Lair:5   | Reached skill level 17 in Dodging
 26151 | Lair:5   | Reached skill level 15 in Fighting
 26439 | Lair:5   | Identified the +1 ring mail of Objectivity {Str+2 Dex+2
                  | Stlth+}
 27076 | D:10     | Bought a scroll of identify for 72 gold pieces
 27076 | D:10     | Bought a scroll of identify for 72 gold pieces
 27174 | Lair:6   | Entered Level 6 of the Lair of Beasts
 27489 | Lair:6   | Found a staircase to the Slime Pits.
 28848 | Lair:6   | Got Joimp's Further Progress in Thaumaturgy
 29258 | D:15     | Bought a dented golden amulet for 160 gold pieces
 29258 | D:15     | Bought a scroll of blinking for 240 gold pieces
 29258 | D:15     | Bought a glowing trident for 208 gold pieces
 29417 | Orc:1    | Entered Level 1 of the Orcish Mines
 29431 | Orc:1    | Reached skill level 5 in Spellcasting
 29744 | Orc:2    | Entered Level 2 of the Orcish Mines
 30136 | Orc:2    | Found a staircase to the Elven Halls.
 30260 | Orc:2    | Reached XP level 16. HP: 132/136 MP: 4/23
 30585 | Orc:2    | Found Orghuid's Magic Scroll Emporium.
 30682 | Orc:2    | Found Omadosoc's Antique Armour Shop.
 30706 | Orc:2    | Bought a scroll of teleportation for 42 gold pieces
 30706 | Orc:2    | Bought a scroll of magic mapping for 49 gold pieces
 30706 | Orc:2    | Bought a scroll of blinking for 105 gold pieces
 30706 | Orc:2    | Bought a scroll of identify for 28 gold pieces
 30823 | Orc:2    | Reached skill level 18 in Dodging
 31186 | Orc:2    | Found Liydoas's Armour Emporium.
 31186 | Orc:2    | Found Heceheub's Weapon Shop.
 31353 | D:9      | Killed snackwell's ghost
 31768 | Swamp:1  | Entered Level 1 of the Swamp
 31934 | Swamp:1  | Reached skill level 1 in Evocations
 31968 | Swamp:1  | Noticed a thorn hunter
 31987 | Swamp:1  | Killed a thorn hunter
 33150 | Swamp:2  | Noticed Mlioglotl
 33159 | Swamp:2  | Noticed a profane servitor
 33212 | Swamp:2  | Noticed a lich
 33224 | Swamp:2  | Killed Mlioglotl
 33478 | Swamp:2  | You fall into a shaft and drop 1 floor!
 34343 | Swamp:3  | Learned a level 5 spell: Alistair's Intoxication
 34362 | Swamp:4  | Entered Level 4 of the Swamp
 34404 | Swamp:4  | Reached skill level 10 in Shields
 34510 | Swamp:4  | Found a runed translucent door.
 34515 | Swamp:4  | Noticed Qunad's ghost (adept SpEn)
 34567 | Swamp:4  | Killed Qunad's ghost
 34577 | Swamp:4  | HP: 2/136 [constriction (11)]
 34592 | Swamp:4  | HP: 1/136 [constriction (5)]
 35214 | Swamp:4  | Reached XP level 17. HP: 115/143 MP: 24/24
 35431 | Swamp:4  | Reached skill level 19 in Dodging
 35581 | Swamp:4  | Paralysed by a hornet for 1 turns
 35609 | Swamp:4  | Noticed a tentacled monstrosity
 35627 | Swamp:4  | Killed themself with a badly aimed burst of rock shards

Illustrated notes

Levels and vault maps discovered:
D:1:      roderic_crop_circles_arrival_small, layout_loops_cross, serial_forest,
          infiniplex_forest_lined_2, infiniplex_forest_lined_3,
          infiniplex_forest_clump_long, infiniplex_forest_clump_long,
          infiniplex_forest_straight_2, infiniplex_forest_straight_4,
          infiniplex_forest_straight_5, infiniplex_forest_clump_long,
          infiniplex_forest_zigzag_1, infiniplex_forest_lined_3
D:2:      minmay_evil_eye, layout_loops_ring, kennysheep_generic_room_3
D:3:      layout_loops_corners, gammafunk_ghost_necromancy,
          portal_sewer_entry_d, serial_shops, nicolae_shop_crystal,
          ebering_ecumenical_altar_sacrificial, uniq_jessica
D:4:      layout_loops_corners, mainiacjoe_overflow_alcove_3,
          minmay_temple_entry_statues
D:5:      layout_loops_ring, vehumet_altar_wand_db, kennysheep_path_1,
          lightli_church_of_beogh, uniq_crazy_yiuf_cottage, uniq_duvessa
D:6:      layout_basic, kennysheep_mini_moat, serial_shops,
          nicolae_take_the_stairs, uniq_blork_the_orc
D:7:      cheibrodos_barr_body, layout_basic, chequers_decorated_corner,
          st_stairs_14, grunt_ministairs_15, uniq_menkaure
D:8:      kennysheep_steamy, layout_loops_corners,
          nicolae_overflow_hidden_temple, enter_bailey_2,
          kennysheep_generic_room_10
D:9:      layout_basic, mainiacjoe_overflow_catwalk,
          mainiacjoe_overflow_six_doors_small, orc_0_dummy,
          hellmonk_ghost_happy_afterlife
D:10:     layout_irregular_city, grunt_lair_entry_orc_guard_hut,
          nrook_loot_triangle
D:11:     layout_loops_corners, gammafunk_ghost_hive, minivault_19,
          chequers_serial_rivers_room_b, chequers_serial_rivers_micro_c,
          minmay_crystal_room, palyth_stone_intersect, guppyfry_shop_venom
D:12:     layout_gridville, serial_shops, bzr_entry_islet
D:13:     wander_river, layout_basic, grunt_vaults_entry_tiered,
          minmay_lindwurm_lava, uniq_snorg
D:14:     layout_roguey, hangedman_decor_lopped, nicolae_elyvilon_temple_path,
          uniq_nessos
D:15:     gammafunk_depths_entry_grave, layout_basic
Temple:   nicolae_temple_no_exploring_needed
Lair:1:   layout_gridlike, serial_rivers, chequers_serial_rivers_micro_e,
          chequers_serial_rivers_small_3, chequers_serial_rivers_micro_e,
          chequers_serial_rivers_large_b, chequers_serial_rivers_room_b,
          hibernation_bobbens
Lair:2:   layout_loops_ring, nzn_random_ring
Lair:3:   layout_regular_city, st_stairs_12
Lair:4:   layout_regular_city, minmay_swamp_entry_eels,
          guppyfry_snake_entry_garden, grunt_forest_large_clearings
Lair:5:   layout_concentric_octagons, nicolae_lair_lakeside_cave
Lair:6:   grunt_lair_end_beastmaster, layout_regular_city,
          nicolae_slime_entry_slimehenge, chequers_serial_rivers_micro_a,
          infiniplex_staircase_pool
Swamp:1:  layout_basic_swamp, evilmike_swamp_ruin_rubble_2,
          nicolae_swamp_rocky_clearing
Swamp:2:  layout_basic_swamp, gammafunk_ghost_mausoleum,
          evilmike_swamp_ruin_house_1, uniq_mlioglotl
Swamp:3:  layout_basic_swamp, evilmike_swamp_ruin_rubble_1, swamp_pool1
Swamp:4:  swamp_old_school, layout_basic_swamp, ebering_ghost_inner_flame
Orc:1:    layout_diamond_mine, basic_altar
Orc:2:    st_orc_town, layout_caves

Skill      XL: |  1  2  3  4  5  6  7  8  9 10 11 12 13 14 15 16 17 |
---------------+----------------------------------------------------+-----
Polearms       | 5 6 7 8 10 11 12 | 12.0
Fighting       | 3 4 5 7 8 9 10 12 13 14 15 | 15.8
Dodging        | 5 6 7 9 10 12 13 14 16 17 18 19 | 19.0
Ice Magic      | 3 7 8 9 10 11 12 | 12.0
Armour         | 4 |  4.0
Poison Magic   | 3 8 10 11 12 | 12.4
Shields        | 3 7 8 10 | 10.0
Spellcasting   | 3 5 |  5.0
Transmutations | 5 8 |  8.3
Evocations     | 4 |  4.8
Throwing       | |  2.0

Action                   |  1- 3 |  4- 6 |  7- 9 | 10-12 | 13-15 | 16-18 || total
-------------------------+-------+-------+-------+-------+-------+-------++-------
Melee: Trident           |   217 |    72 |   325 |       |       |       ||   614
       Punch             |     5 |       |     5 |     9 |     7 |       ||    26
       Tailslap          |       |     1 |       |       |    16 |    41 ||    58
       Spear             |       |       |     5 |   539 |  1118 |   609 ||  2271
       Staff             |       |       |       |       |     2 |       ||     2
Throw: Throwing net      |     1 |     1 |     3 |       |       |       ||     5
 Cast: Freeze            |       |       |     7 |       |     6 |     1 ||    14
       Frozen Ramparts   |       |       |       |    17 |    35 |     7 ||    59
       Poisonous Vapours |       |       |       |     7 |    47 |    22 ||    76
       Olgreb's Toxic Ra |       |       |       |     7 |    65 |    26 ||    98
       Ignite Poison     |       |       |       |       |     5 |     9 ||    14
       Alistair's Intoxi |       |       |       |       |       |     2 ||     2
Invok: Call Merchant     |       |       |       |     1 |     3 |     1 ||     5
       Potion Petition   |       |       |       |       |     1 |       ||     1
Evoke: Wand              |       |       |     6 |    19 |    17 |    15 ||    57
       Phantom mirror    |       |       |       |       |     1 |     2 ||     3
       Phial of floods   |       |       |       |       |     1 |     2 ||     3
  Use: Potion            |       |       |     5 |     5 |    12 |     5 ||    27
       Scroll            |       |       |     3 |    18 |    16 |     5 ||    42
 Stab: Sleeping          |     3 |     4 |     2 |     7 |    13 |     1 ||    30
       Held in net/web   |     2 |       |       |       |       |       ||     2
       Distracted        |       |       |       |     7 |    15 |     5 ||    27
       Paralysed         |       |       |       |     4 |     1 |       ||     5
       Fleeing           |       |       |       |     1 |       |       ||     1
       Petrifying        |       |       |       |       |     3 |       ||     3
       Petrified         |       |       |       |       |     1 |       ||     1
Armor: Leather armour    |    17 |     6 |       |       |       |       ||    23
       Robe              |       |       |    61 |     9 |       |       ||    70
       Skin              |       |       |     4 |       |     9 |       ||    13
       Ring mail         |       |       |       |    72 |   133 |    90 ||   295
Dodge: Dodged            |    32 |    21 |   181 |   229 |   400 |   227 ||  1090
Block: Kite shield       |       |       |       |       |   467 |   250 ||   717

Table legend: (Time is in decaauts)
 A = Elapsed time spent in this place.
 B = Non-inter-level travel time spent in this place.
 C = Inter-level travel time spent in this place.
 D = Time resting spent in this place.
 E = Time spent auto-exploring this place.
 F = Levels seen in this place.
 G = Mean time per level.
                   A        B        C        D        E       F      G
               +--------+--------+--------+--------+--------+-----+--------+
         Total |  34273 |  32184 |   2089 |    678 |  25509 |  30 | 1142.4 |
       Dungeon |  20731 |  19231 |   1500 |    386 |  15579 |  15 | 1382.1 |
        Temple |     29 |     22 |      7 |      0 |      0 |   1 |   29.0 |
          Lair |   7372 |   6851 |    521 |      0 |   5630 |   6 | 1228.7 |
         Swamp |   3436 |   3404 |     32 |    292 |   2393 |   4 |  859.0 |
  Orcish Mines |   1832 |   1803 |     29 |      0 |   1345 |   2 |  916.0 |
         Sewer |    386 |    386 |      0 |      0 |    243 |   1 |  386.0 |
        Bailey |    484 |    484 |      0 |      0 |    317 |   1 |  484.0 |
               +--------+--------+--------+--------+--------+-----+--------+

Top non-repeatable levels by time:
    D:12: 2348 daAuts
    D:13: 1990 daAuts
  Lair:6: 1847 daAuts
    D:15: 1802 daAuts
    D:14: 1769 daAuts
     D:3: 1580 daAuts
     D:5: 1543 daAuts
   Orc:2: 1504 daAuts
    D:11: 1311 daAuts
  Lair:4: 1250 daAuts
     D:8: 1232 daAuts
 Swamp:1: 1230 daAuts
     D:7: 1225 daAuts
  Lair:5: 1224 daAuts
     D:1: 1107 daAuts
